[Event "*** SCC Grand Prix: Titled Tuesday Blitz"]
[Site "Chess.com"]
[Date "2020.08.11"]
[Round "10"]
[White "Fischerev7"]
[Black "icychess54"]
[Result "1-0"]
[WhiteElo "2402"]
[BlackElo "2240"]
[TimeControl "180+1"]
[EndTime "11:57:18 PDT"]
[Termination "Fischerev7 won on time"]

1. e4 c5 2. Nf3 d6 3. d4 cxd4 4. Nxd4 Nf6 5. Nc3 Nc6 6. Bg5 e6 7.
Qd2 h6 8. Bxf6 gxf6 9. O-O-O a6 10. Kb1 h5 11. f4 Qc7 12. f5 Bd7 13. Bc4 Nxd4 14.
Qxd4 Be7 15. Bb3 O-O-O 16. Rhf1 Kb8 17. Rf3 h4 18. Qf2 Qa5 19. Ne2 Qe5 20. Rf4 Rc8 21. Nd4 Qc5 22. fxe6 fxe6 23. Nxe6 Qxf2 24. Rxf2 Bxe6 25. Bxe6 Rc5 26. Bd5 Rh5 27. c3 Rc8 28. Kc2 Rg5 29. Rdd2 Rh8 30. Rf5 Rxf5 31. exf5 Rh5 32.
Be6 Rg5 33. Kd3 Bd8 34. Ke4 Bb6 35. Kf3 Kc7 36. g4 hxg3 37. hxg3 a5 38. Rh2 Rg7 39. Rh6 Kd8 40. Rxf6 Ke7 41. Rh6 d5 42. f6+ Kxe6 43. fxg7+ Kf7 44. Rxb6 1-0

[Event "*** SCC Grand Prix: Titled Tuesday Blitz"]
[Site "Chess.com"]
[Date "2020.08.11"]
[Round "10"]
[White "LuisFSiles"]
[Black "tylityli"]
[Result "1-0"]
[WhiteElo "2301"]
[BlackElo "2160"]
[TimeControl "180+1"]
[EndTime "11:57:18 PDT"]
[Termination "LuisFSiles won by checkmate"]

1. e4 e5 2. Nf3 Nc6 3. Bc4 Nf6 4. d3 Be7 5. O-O O-O 6. Re1 d6 7. c3 a6 8. Bb3 Bg4 9. h3 Bh5 10. Nbd2 d5 11. Qe2 d4 12. Nf1 Qd7 13. Ng3 Bg6 14. Nh4 Rfd8 15. Rd1 Bf8 16. Bg5 Ne7 17. Bxf6 gxf6 18.
Qf3 Bg7 19. Nh5 f5 20. exf5 Nxf5 21. Nxg6 hxg6 22. Ng3 c5 23. Nxf5 gxf5 24. cxd4 cxd4 25. Rac1 Rac8 26. g4 fxg4 27. hxg4 Qe7 28. Qf5 Rxc1 29.
Rxc1 Qd7 30. Qf3 Kf8 31. Rc5 f6 32. Rd5 Qc7 33. Rxd8+ Qxd8 34. Qxb7 e4 35. Qf7# 1-0

[Event "*** SCC Grand Prix: Titled Tuesday Blitz"]
[Site "Chess.com"]
[Date "2020.08.11"]
[Round "10"]
[White "KyronGriffith"]
[Black "Noam_Vitenberg"]
[Result "0-1"]
[WhiteElo "2354"]
[BlackElo "2509"]
[TimeControl "180+1"]
[EndTime "11:57:20 PDT"]
[Termination "Noam_Vitenberg won by resignation"]

1. e4 e5 2. Nf3 Nc6 3. Nc3 Nf6 4.
d4 exd4 5. Nxd4 Bb4 6. Nxc6 bxc6 7.
Bd3 d5 8. exd5 O-O 9. O-O Bg4 10. f3 Bh5 11. Bg5 Qd6 12. Qe1 Rfe8 13. Qh4 Bg6 14.
Bxf6 gxf6 15. Bxg6 fxg6 16. Ne4 Qe7 17. dxc6 Rad8 18.
Rad1 f5 19. Qxe7 Bxe7 20. Nc3 Bc5+ 21. Kh1 Bd4 22. Nb5 Bb6 23. Rd7 Rc8 24. Nd4 Rb8 25. b3 Re3 26. h4 Rbe8 27. Nb5 Rc8 28. Rfd1 a6 29. Nd4 Rce8 30. Kh2 Bc5 31. Rxc7 Bd6+ 32. Kg1 Bxc7 0-1

[Event "*** SCC Grand Prix: Titled Tuesday Blitz"]
[Site "Chess.com"]
[Date "2020.08.11"]
[Round "10"]
[White "GoldenShare"]
[Black "Virgo15"]
[Result "0-1"]
[WhiteElo "2514"]
[BlackElo "2704"]
[TimeControl "180+1"]
[EndTime "11:57:21 PDT"]
[Termination "Virgo15 won by resignation"]

1. e4 e6 2. d4 d5 3. Nd2 Nc6 4. Ngf3 Nf6 5. e5 Nd7 6. Bd3 Nb4 7. Be2 c5 8. c3 Nc6 9. O-O Qb6 10. Nb3 a5 11. a4 c4 12. Nbd2 Be7 13. Re1 Qc7 14.
Nf1 b6 15. Ng3 Bb7 16. Nh5 O-O-O 17. Bg5 h6 18. Bxe7 Nxe7 19. Nxg7 h5 20. Ng5 Rdg8 21. N5xe6 fxe6 22. Nxe6 Qc6 23. Nf4 Qh6 24. Nxh5 Ng6 25. Bg4 Nf4 26. e6 Nf6 27. Nxf4 Qxh2+ 28. Kf1 Qxf4 29. Qf3 Rh1+ 30. Ke2 Rxe1+ 31. Kxe1 Rxg4 32. Qxf4 Rxf4 33. f3 Kc7 34. Kf2 Kd6 35. Re1 Ke7 36. g4 Nxg4+ 37. Kg3 Rf6 38. Kxg4 Rxe6 39. Rh1 Bc8 40.
Rh7+ Kd6 41. Kg5 Re2 42. f4 Rxb2 43. f5 Rg2+ 44. Kf6 Rf2 45. Rh5 Rxf5+ 46. Rxf5 Bxf5 47. Kxf5 b5 48. axb5 a4 49. b6 a3 50. b7 Kc7 0-1

[Event "*** SCC Grand Prix: Titled Tuesday Blitz"]
[Site "Chess.com"]
[Date "2020.08.11"]
[Round "10"]
[White "grunbergmihai"]
[Black "Oglob71"]
[Result "1-0"]
[WhiteElo "2468"]
[BlackElo "2559"]
[TimeControl "180+1"]
[EndTime "11:57:23 PDT"]
[Termination "grunbergmihai won by checkmate"]

1. Nf3 Nf6 2. c4 e6 3. g3 b6 4. Bg2 Bb7 5. O-O c5 6. d4 cxd4 7. Qxd4 Nc6 8. Qf4 Qb8 9. Nc3 Na5 10. b3 a6 11. Rd1 d5 12. cxd5 Nxd5 13. Nxd5 Bxd5 14. Ne5 f6 15. Bxd5 exd5 16. Qa4+ b5 17. Qxa5 Qxe5 18. Bf4 Qe6 19. a4 bxa4 20. Qxa4+ Kf7 21.
Rac1 Be7 22. Rd2 Rhc8 23. Rdc2 Rxc2 24. Rxc2 g5 25. Be3 Rb8 26. Rc6 Qe4 27. Rxa6 Qxa4 28. bxa4 Rb1+ 29. Kg2 Rd1 30. Bb6 d4 31. Ra7 Ke6 32. a5 d3 33. exd3 Rxd3 34. a6 Rd2 35. Rb7 Ra2 36. a7 Bd6 37. Rb8 Rxa7 38. Bxa7 Bxb8 39.
Bxb8 h5 40. Kf3 Kf5 41. Bc7 Kg6 42. Ke4 h4 43. g4 f5+ 44. gxf5+ Kh5 45. Ke5 h3 46. f6 Kg4 47. f7 Kf3 48. f8=Q+ Kg2 49. Kf5 Kxf2 50. Kg4+ Kg2 51. Qf3+ Kg1 52. Bb6+ Kxh2 53.
Qxh3# 1-0

[Event "*** SCC Grand Prix: Titled Tuesday Blitz"]
[Site "Chess.com"]
[Date "2020.08.11"]
[Round "10"]
[White "GustavoJuarezF"]
[Black "tteshan"]
[Result "1-0"]
[WhiteElo "2055"]
[BlackElo "2220"]
[TimeControl "180+1"]
[EndTime "11:57:23 PDT"]
[Termination "GustavoJuarezF won by resignation"]

1. c4 Nf6 2. Nc3 g6 3. g3 Bg7 4. Bg2 O-O 5. d3 e5 6. e4 d6 7. Nge2 Nc6 8. h3 Nd7 9. Be3 f5 10. exf5 gxf5 11. Qd2 Nd4 12. Nb5 Nxb5 13. cxb5 Nf6 14.
Bh6 Qe8 15. Bxg7 Kxg7 16. a4 Be6 17. Bxb7 Rd8 18. Bg2 d5 19. d4 e4 20. Nf4 Bf7 21. O-O Kh8 22. Rfe1 Rg8 23. Rac1 Qe7 24. Qc3 Ne8 25.
b4 h5 26. h4 Rg4 27. Qc6 Rd6 28. Qc5 Rxf4 29. gxf4 Qxh4 30. Re3 Qxf4 31. Qxa7 Rg6 32. Rxc7 Nxc7 33. Qb8+ Kh7 34. b6 Ne6 35. Qxf4 Nxf4 36. Rg3 Ne2+ 37. Kh2 Nxg3 38. a5 Be6 39. b7 Rg8 40. a6 Rb8 41. a7 Rxb7 42. a8=Q Rg7 43. fxg3 h4 44. gxh4 f4 45. Qe8 Bf7 46. Qe5 f3 47.
Bxf3 exf3 48. Qf5+ Bg6 49. Qxf3 Be4 50. Qf4 Rg2+ 51.
Kh3 Rb2 52. Qf7+ Kh8 53. Kg4 Rxb4 54. Qf8+ Kh7 55. Qxb4 1-0

[Event "*** SCC Grand Prix: Titled Tuesday Blitz"]
[Site "Chess.com"]
[Date "2020.08.11"]
[Round "10"]
[White "TranJMinh"]
[Black "Firouzja2003"]
[Result "0-1"]
[WhiteElo "2836"]
[BlackElo "3033"]
[TimeControl "180+1"]
[EndTime "11:57:25 PDT"]
[Termination "Firouzja2003 won on time"]

1. d4 Nf6 2. c4 g6 3. Nc3 Bg7 4. e4 d6 5. Bd3 O-O 6. Nge2 e5 7. d5 a5 8. Bg5 Na6 9. Qd2 Nc5 10. Bc2 Bd7 11.
O-O Kh8 12. b3 Qe8 13. a3 Ng8 14. b4 Na6 15. Rab1 f5 16. exf5 gxf5 17. f3 Qh5 18.
Be3 f4 19. Bf2 Rf6 20. Kh1 Rh6 21. Bg1 Ne7 22. g4 fxg3 23. Nxg3 Qh4 24. Be3 Rg8 25.
Nce4 Nf5 26. Nxf5 Bxf5 27. Bxh6 Bxh6 28. Qf2 Qf4 29. Rg1 Rf8 30. Qg2 Bg6 31. bxa5 Bh5 32. Bd1 Bg6 33. Bc2 Qh4 34. Rxb7 Be3 35. Rf1 Bxe4 36.
Bxe4 Nc5 37. Rxc7 Rg8 38. Qe2 Nxe4 0-1

[Event "*** SCC Grand Prix: Titled Tuesday Blitz"]
[Site "Chess.com"]
[Date "2020.08.11"]
[Round "10"]
[White "Koksik_13"]
[Black "Anton_Demchenko"]
[Result "1/2-1/2"]
[WhiteElo "2651"]
[BlackElo "2841"]
[TimeControl "180+1"]
[EndTime "11:57:25 PDT"]
[Termination "Game drawn by repetition"]

1. d4 d5 2. Nc3 Nf6 3. Bf4 c5 4. e3 cxd4 5. exd4 a6 6. Bd3 Nc6 7. Nge2 Bg4 8. Qd2 Bh5 9. Bg5 Bg6 10. Bxf6 gxf6 11. O-O-O e6 12. Nf4 Bh6 13. Kb1 Qd6 14. g3 O-O-O 15. Qe2 Bxf4 16. gxf4 Nxd4 17. Qe3 Nf5 18. Qa7 Qb8 19. Qc5+ Qc7 20. Qa7 Qxf4 21. Bxa6 bxa6 22. Qxa6+ Kd7 23. Nxd5 exd5 24. Rxd5+ Nd6 25. Re1 Qb4 26. Rxd6+ Qxd6 27. Qb7+ Qc7 28. Qd5+ Kc8 29. Qa8+ Qb8 30. Qc6+ Qc7 31. Qa8+ Kd7 32. Qd5+ Qd6 33.
Qb7+ Qc7 34. Qd5+ 1/2-1/2

[Event "*** SCC Grand Prix: Titled Tuesday Blitz"]
[Site "Chess.com"]
[Date "2020.08.11"]
[Round "10"]
[White "Terao90"]
[Black "ehrenfeld"]
[Result "0-1"]
[WhiteElo "2353"]
[BlackElo "2570"]
[TimeControl "180+1"]
[EndTime "11:57:25 PDT"]
[Termination "ehrenfeld won by resignation"]

1. e4 e5 2. Nf3 Nc6 3. d4 exd4 4.
Nxd4 Bc5 5. Nb3 Bb6 6. Nc3 d6 7. Qe2 Nge7 8. Be3 O-O 9. O-O-O f5 10. f3 f4 11. Bxb6 axb6 12. Kb1 Ne5 13. Qd2 Bd7 14. Be2 Kh8 15. Nd4 Qe8 16. g3 Qf7 17. a3 Bh3 18. Rhg1 Bd7 19. Rdf1 Rad8 20. Qe1 c6 21. gxf4 Qxf4 22.
Rg3 b5 23. Rfg1 N7g6 24. Bd3 Rf7 25. Nde2 Qh4 26. f4 Nxf4 27. Nxf4 Qxf4 28. Rf1 Qh6 29. Rxf7 Nxf7 30. Qf2 Ne5 31. Qb6 Rf8 32. Qxb7 Qxh2 33. Rg5 h6 34. Rxe5 Qxe5 35. Qxd7 h5 36. Qxc6 h4 37.
Nd5 h3 38. Qd7 Qh5 39. e5 h2 40. Be4 h1=Q+ 41. Bxh1 Qxh1+ 0-1

[Event "*** SCC Grand Prix: Titled Tuesday Blitz"]
[Site "Chess.com"]
[Date "2020.08.11"]
[Round "10"]
[White "Alex_Belezky"]
[Black "Shield12"]
[Result "0-1"]
[WhiteElo "2487"]
[BlackElo "2827"]
[TimeControl "180+1"]
[EndTime "11:57:26 PDT"]
[Termination "Shield12 won by resignation"]

1. Nf3 c5 2. g3 g6 3. Bg2 Bg7 4. d3 Nc6 5. O-O d6 6. c3 Nf6 7. Qa4 Bd7 8. Qh4 h5 9. Qa4 h4 10. Nxh4 Qc8 11. Nd2 Bh3 12. Ndf3 Bxg2 13. Nxg2 Qh3 14. Nf4 Qd7 15. h4 e5 16. Ng2 a6 17.
Bg5 O-O 18. Bxf6 Bxf6 19. Ne3 Rad8 20. Qg4 Qxg4 21. Nxg4 Bg7 22. Ne3 d5 23. c4 e4 24.
dxe4 dxe4 25. Ng5 Rfe8 26. Rad1 Nd4 27. Rfe1 b5 28. b3 f6 29. Nh3 Bh6 30. Nd5 Kf7 31. Nc7 Nxe2+ 32. Kf1 Rxd1 33. Rxd1 Re7 34. Nxa6 Nc3 35.
Re1 bxc4 36. bxc4 Nxa2 37. Nxc5 f5 38. Rd1 Re5 39. Rd5 Rxd5 40. cxd5 Nb4 41. d6 Bf8 42. d7 Nc6 43. Nf4 Bxc5 44. h5 gxh5 45. Nxh5 Bd6 46. f3 exf3 47. Kf2 Kg6 48. Nf4+ Bxf4 49. gxf4 Kf6 50.
Kxf3 Ke6 0-1

[Event "*** SCC Grand Prix: Titled Tuesday Blitz"]
[Site "Chess.com"]
[Date "2020.08.11"]
[Round "10"]
[White "aa175"]
[Black "AnonymousIM2023"]
[Result "1-0"]
[WhiteElo "2506"]
[BlackElo "2649"]
[TimeControl "180+1"]
[EndTime "11:57:27 PDT"]
[Termination "aa175 won by checkmate"]

1. d4 Nf6 2. Nf3 g6 3. Bf4 Bg7 4. e3 O-O 5. Nbd2 c5 6. c3 d5 7. Bd3 Nc6 8. h4 h5 9. Ng5 c4 10. Bc2 b5 11. Ndf3 b4 12. Ne5 Nxe5 13. dxe5 Ng4 14.
e6 Bxe6 15. Bxg6 bxc3 16. Bxh5 cxb2 17. Rb1 Nh6 18. Nxe6 Qa5+ 19. Kf1 fxe6 20. Bxh6 Bxh6 21. Qg4+ Bg7 22. Qxe6+ Kh8 23. Bg6 Qd2 24. Bf5 Rf6 25.
Qd7 e6 26. Qb7 Raf8 27. g4 Rxf5 28. gxf5 Rxf5 29. Qb8+ Kh7 30. Qg3 Be5 31. f4 Bxf4 32.
exf4 Rxf4+ 33. Kg1 Qd4+ 34. Kh2 Qe4 35. Rxb2 Rf3 36.
Rb7+ Kh6 37. Qg5# 1-0

[Event "*** SCC Grand Prix: Titled Tuesday Blitz"]
[Site "Chess.com"]
[Date "2020.08.11"]
[Round "10"]
[White "The_Machine04"]
[Black "Artyom_ChessMate"]
[Result "0-1"]
[WhiteElo "2290"]
[BlackElo "2567"]
[TimeControl "180+1"]
[EndTime "11:57:27 PDT"]
[Termination "Artyom_ChessMate won on time"]

1. d4 d5 2. Bf4 Nf6 3. e3 c5 4. c3 Qb6 5. Qb3 c4 6. Qc2 Nc6 7.
Nd2 Nh5 8. Be5 f6 9. Bg3 Nxg3 10. hxg3 g6 11. e4 e6 12. f4 Bg7 13. e5 fxe5 14.
fxe5 O-O 15. Ngf3 Ne7 16. g4 Bd7 17. Be2 Rf4 18. g5 Nf5 19. Nf1 Rf8 20. g3 Re4 21.
N3d2 Ne3 22. Nxe3 Rxe3 23. Nf1 Re4 24. O-O-O Rf2 25. Rd2 Qd8 26. Bd1 Rf7 27. Kb1 Qf8 0-1

[Event "*** SCC Grand Prix: Titled Tuesday Blitz"]
[Site "Chess.com"]
[Date "2020.08.11"]
[Round "10"]
[White "Zq1"]
[Black "jlandaw"]
[Result "1-0"]
[WhiteElo "2503"]
[BlackElo "2505"]
[TimeControl "180+1"]
[EndTime "11:57:27 PDT"]
[Termination "Zq1 won on time"]

1. Nf3 Nf6 2. c4 e6 3. Nc3 d5 4. d4 c6 5. e3 Bd6 6. Qc2 Nbd7 7.
b3 O-O 8. Be2 Qe7 9. O-O a6 10.
a4 b6 11. e4 dxe4 12. Nxe4 Nxe4 13. Qxe4 Nf6 14. Qxc6 Bb7 15. Qxb6 Rab8 16. Qa5 Bxf3 17. Bxf3 Rxb3 18. Be3 e5 19. c5 Bc7 20. Qxa6 exd4 21. Bxd4 Rxf3 22. gxf3 Nd5 23. Rfe1 Qg5+ 24. Kf1 Qf4 25.
Re4 Qxf3 26. Rae1 Nf4 27. Rxf4 Qxf4 28. Qc6 Ba5 29. Qe4 Qxh2 30. Re3 Qh1+ 31. Qxh1 1-0

[Event "*** SCC Grand Prix: Titled Tuesday Blitz"]
[Site "Chess.com"]
[Date "2020.08.11"]
[Round "10"]
[White "Arseniy_Nesterov"]
[Black "lucasmito"]
[Result "1-0"]
[WhiteElo "2750"]
[BlackElo "2626"]
[TimeControl "180+1"]
[EndTime "11:57:28 PDT"]
[Termination "Arseniy_Nesterov won by resignation"]

1. d4 d5 2. c4 dxc4 3. Nf3 Nf6 4.
e3 b5 5. a4 b4 6. Bxc4 e6 7.
O-O Be7 8. a5 O-O 9. Nbd2 Nbd7 10. b3 c5 11. Bb2 Bb7 12. a6 Bxf3 13. Nxf3 Rc8 14. Qe2 cxd4 15. Nxd4 Qb6 16. Rfd1 Nc5 17. f3 Rfd8 18. Rd2 Bd6 19. Rad1 Qb8 20. g3 Be5 21.
Nc6 Rxd2 22. Qxd2 Bc3 23. Nxb8 Bxd2 24. Rxd2 Rxb8 25. Bd4 Nfd7 26. e4 h5 27. Kf2 Rc8 28. Rd1 Nb6 29. Bb5 Nxb3 30. Bxb6 axb6 31. a7 Ra8 32. Rd7 Na5 33. Rc7 b3 34. Bd3 b5 35.
e5 Nc4 36. Be4 b2 37. Bxa8 b1=Q 38. Rc8+ 1-0

[Event "*** SCC Grand Prix: Titled Tuesday Blitz"]
[Site "Chess.com"]
[Date "2020.08.11"]
[Round "10"]
[White "meoluoi91"]
[Black "Alexander_Donchenko"]
[Result "1-0"]
[WhiteElo "2520"]
[BlackElo "2676"]
[TimeControl "180+1"]
[EndTime "11:57:28 PDT"]
[Termination "meoluoi91 won by resignation"]

1. d4 Nf6 2. Nf3 b6 3. Bf4 Bb7 4. e3 g6 5. Nbd2 Bg7 6. c3 O-O 7. Bc4 d5 8. Bb3 c5 9. O-O Nc6 10. h3 c4 11. Ba4 b5 12. Bxb5 Qb6 13. Bxc6 Bxc6 14. b3 cxb3 15. axb3 Nd7 16. Ra3 f6 17. Bg3 e5 18. Qa1 e4 19. Ne1 f5 20. Nc2 g5 21.
Bd6 Rf7 22. f4 exf3 23. Nxf3 Bb5 24. Nxg5 Bxf1 25. Qxf1 Qxd6 26. Nxf7 Kxf7 27. Qxf5+ Kg8 28. Nb4 Nf6 29. Ra6 Qc7 30. Nxd5 Qg3 31. Nxf6+ Bxf6 32. Qe6+ Kh8 33. Qxf6+ Qg7 34. Qxg7+ Kxg7 35. e4 Kg8 36.
Kf2 Rc8 37. c4 Rb8 38. Ra3 a5 39. Ke3 Kf7 40. d5 Kf6 41. Kd4 a4 42. bxa4 Rb2 43. e5+ Kf5 44. e6 Rxg2 45. a5 h5 46. a6 Rg8 47.
Rf3+ 1-0

[Event "*** SCC Grand Prix: Titled Tuesday Blitz"]
[Site "Chess.com"]
[Date "2020.08.11"]
[Round "10"]
[White "AttilaTurzo"]
[Black "Duong57"]
[Result "1-0"]
[WhiteElo "2443"]
[BlackElo "2328"]
[TimeControl "180+1"]
[EndTime "11:57:31 PDT"]
[Termination "AttilaTurzo won on time"]

1. e4 c5 2. Nf3 d6 3. d4 cxd4 4. Nxd4 Nf6 5. Nc3 a6 6. Bg5 e6 7. f4 Nbd7 8. Qf3 Qc7 9. O-O-O Be7 10. g4 b5 11. Bxf6 Nxf6 12. g5 Nd7 13. a3 Bb7 14. Kb1 O-O-O 15. h4 Kb8 16. Rg1 Rc8 17. f5 e5 18. Nb3 Rhd8 19. Rg2 Nc5 20. Nd5 Bxd5 21. Rxd5 Nd7 22. Rd1 f6 23. g6 h6 24. c3 Nb6 25. Rgd2 Rd7 26. Na1 Bd8 27. Nc2 Qb7 28. Nb4 Rc5 29. Rxd6 Rxd6 30. Rxd6 Be7 31. Rd1 a5 32.
Nd5 Nxd5 33. Rxd5 Rxd5 34. exd5 Bd6 35. Kc2 b4 36. axb4 axb4 37. Qd3 bxc3 38. bxc3 Qa7 39. Qb5+ Kc8 40. Qe8+ 1-0

[Event "*** SCC Grand Prix: Titled Tuesday Blitz"]
[Site "Chess.com"]
[Date "2020.08.11"]
[Round "10"]
[White "Mikhal867"]
[Black "catzapto"]
[Result "1-0"]
[WhiteElo "2333"]
[BlackElo "1983"]
[TimeControl "180+1"]
[EndTime "11:57:31 PDT"]
[Termination "Mikhal867 won by resignation"]

1. c4 Nf6 2. Nc3 e6 3. e4 d6 4. d4 c5 5. d5 g6 6. Nf3 Bg7 7. h3 O-O 8. Bd3 exd5 9. cxd5 a6 10. a4 Nbd7 11. O-O Rb8 12. Bf4 Ne8 13. a5 b5 14. axb6 Qxb6 15. Ra2 Ne5 16. Nxe5 Bxe5 17.
Bxe5 dxe5 18. Na4 Qa7 19. Qc2 Nd6 20. Nxc5 f5 21. Nxa6 fxe4 22. Be2 Bxa6 23. Rxa6 Qe7 24. Bg4 Nf5 25. Re6 Qb4 26. Rxe5 e3 27. Bxf5 exf2+ 28. Qxf2 gxf5 29. Rxf5 Rxf5 30. Qxf5 Qxb2 31. Qf7+ Kh8 32.
Qf6+ Qxf6 33. Rxf6 Rd8 34. Rf5 Kg7 35. g4 Kg6 36. Kg2 h6 37. Kg3 Re8 38. Kf4 Rd8 39. Re5 Rf8+ 40. Ke4 Rf1 41. d6 Re1+ 42. Kd5 Rh1 43.
d7 Rxh3 44. Ke6 Rd3 45. Rd5 Re3+ 46. Kd6 1-0

[Event "*** SCC Grand Prix: Titled Tuesday Blitz"]
[Site "Chess.com"]
[Date "2020.08.11"]
[Round "10"]
[White "talaicito"]
[Black "Kate1606"]
[Result "1-0"]
[WhiteElo "2093"]
[BlackElo "1810"]
[TimeControl "180+1"]
[EndTime "11:57:31 PDT"]
[Termination "talaicito won by resignation"]

1. d4 f5 2. Nc3 Nf6 3. Bg5 e6 4.
e4 fxe4 5. Nxe4 Be7 6. Ng3 O-O 7.
Qd2 h6 8. Bf4 Nd5 9. Nh3 Nxf4 10. Nxf4 Bg5 11. Nge2 d6 12. h4 Bxf4 13. Nxf4 e5 14.
Bc4+ Kh7 15. Bd3+ Bf5 16. Ne6 Qe7 17. Nxf8+ Qxf8 18. Bxf5+ Qxf5 19. O-O-O Nc6 20. dxe5 Nxe5 21. f4 Ng4 22. Rde1 Rf8 23. g3 Rf7 24. Rhf1 a6 25. Qd3 Qxd3 26. cxd3 b5 27. Kd2 c5 28. Re6 Rd7 29. Rfe1 Nf6 30. Re7 Rd8 31. Ra7 d5 32. Ree7 Ne8 33. Rad7 Rxd7 34. Rxd7 Nf6 35. Ra7 Nh5 36.
Rxa6 Nxg3 37. Rb6 c4 38. Rxb5 cxd3 39. Kxd3 Nf5 40. h5 Nh4 41. Rxd5 Ng2 42. Ke4 Ne1 43. Rd2 g6 44. hxg6+ Kxg6 45. Re2 h5 46. Rxe1 h4 47. f5+ Kf6 1-0

[Event "*** SCC Grand Prix: Titled Tuesday Blitz"]
[Site "Chess.com"]
[Date "2020.08.11"]
[Round "10"]
[White "Sacbutt"]
[Black "HanSchut"]
[Result "0-1"]
[WhiteElo "2175"]
[BlackElo "2302"]
[TimeControl "180+1"]
[EndTime "11:57:32 PDT"]
[Termination "HanSchut won by resignation"]

1. d4 Nf6 2. c4 g6 3. Nc3 d5 4. cxd5 Nxd5 5. e4 Nxc3 6. bxc3 Bg7 7. Nf3 c5 8. Rb1 Nc6 9. d5 Bxc3+ 10. Bd2 Bxd2+ 11.
Qxd2 Nd4 12. Nxd4 cxd4 13. Bb5+ Bd7 14. Bxd7+ Qxd7 15. Qxd4 O-O 16. O-O e6 17. Rfd1 exd5 18.
exd5 b6 19. h4 h5 20. Rb3 Rad8 21. d6 Rfe8 22. Re3 Rxe3 23. Qxe3 Qe6 24. Qxe6 fxe6 25. f4 Kf7 26. Kf2 Ke8 27. Ke3 Kd7 28. Ke4 Rf8 29. g3 Rf5 30. a4 a6 31. Rb1 b5 32. axb5 Rxb5 33. Rd1 a5 34. Rd3 Rd5 35. Rxd5 exd5+ 36. Kxd5 a4 37. Kc4 Kxd6 38. g4 hxg4 39. f5 gxf5 0-1

[Event "*** SCC Grand Prix: Titled Tuesday Blitz"]
[Site "Chess.com"]
[Date "2020.08.11"]
[Round "10"]
[White "Mbneu"]
[Black "Sesleria"]
[Result "0-1"]
[WhiteElo "2217"]
[BlackElo "1988"]
[TimeControl "180+1"]
[EndTime "11:57:32 PDT"]
[Termination "Sesleria won by resignation"]

1. d4 Nf6 2. c4 e6 3. Nc3 Bb4 4. Bg5 c5 5. d5 exd5 6. cxd5 d6 7.
e3 Qe7 8. Nf3 Nbd7 9. Bd3 Ne5 10. O-O Nxd3 11. Qxd3 Bg4 12. Nd2 O-O 13. Nde4 Bxc3 14.
bxc3 Qxe4 15. Qb5 Qxd5 16. Bxf6 gxf6 17. f3 Be6 18. e4 Qc6 19. Qe2 Rfe8 20. Qf2 Bc4 21.
Rfd1 Re6 22. h4 Kh8 23. h5 Rg8 24. Qh4 Be2 25. Rd2 Bxf3 26. Rf1 Qxe4 27. Qh3 Qe3+ 28. Rdf2 Rxg2+ 29. Qxg2 Bxg2 30. Kxg2 Qg5+ 31. Kh1 Qxh5+ 32. Rh2 Qd5+ 33. Kg1 Re5 34. Rxf6 Rg5+ 35. Kf2 Qd2+ 36. Kf3 Qxh2 0-1

[Event "*** SCC Grand Prix: Titled Tuesday Blitz"]
[Site "Chess.com"]
[Date "2020.08.11"]
[Round "10"]
[White "MYMChessAcademy"]
[Black "jamalm2"]
[Result "1-0"]
[WhiteElo "2128"]
[BlackElo "1840"]
[TimeControl "180+1"]
[EndTime "11:57:32 PDT"]
[Termination "MYMChessAcademy won on time"]

1. e4 c6 2. d4 d5 3. e5 Bf5 4. h4 h6 5. g4 Bh7 6. e6 fxe6 7. Bd3 Nf6 8. f4 Ne4 9. Nf3 Nd7 10. Nbd2 Qb6 11.
Qe2 Ng3 12. Qxe6 Bxd3 13. Rg1 Bxc2 14. Rxg3 O-O-O 15. Nb3 Bxb3 16. axb3 Kb8 17. f5 Ka8 18. Bd2 Qxb3 19. Qe2 Nb6 20. Bf4 Qc4 21. Qf2 e6 22. Ne5 Bb4+ 23. Bd2 Bxd2+ 24. Qxd2 exf5 25. Nxc4 Nxc4 26. Qb4 Rhe8+ 27. Kf1 f4 28. Rb3 b6 29. Kg1 Re3 30. Rxe3 fxe3 31. Qe7 1-0

[Event "*** SCC Grand Prix: Titled Tuesday Blitz"]
[Site "Chess.com"]
[Date "2020.08.11"]
[Round "10"]
[White "slavenok"]
[Black "Meri-Arabidze"]
[Result "1-0"]
[WhiteElo "2725"]
[BlackElo "2601"]
[TimeControl "180+1"]
[EndTime "11:57:33 PDT"]
[Termination "slavenok won on time"]

1. e4 e5 2. d4 exd4 3. Nf3 Nc6 4. Bc4 Nf6 5. Qe2 d6 6. O-O Bg4 7. h3 Bxf3 8. Qxf3 Ne5 9. Qb3 Nxc4 10. Qxc4 c5 11. Re1 Be7 12. c3 dxc3 13. Nxc3 O-O 14. Bf4 a6 15. Rad1 b5 16. Qb3 c4 17. Qc2 Qb6 18. Be3 Qb7 19. Bd4 Rfe8 20. Bxf6 Bxf6 21.
Nd5 Bg5 22. f4 Bh4 23. Re2 Rac8 24. Rf1 b4 25. Kh2 b3 26. axb3 Qxb3 27. Qc1 Qg3+ 28. Kh1 Qd3 29. Re3 Qd4 30. Rd1 Qc5 31. Qd2 h6 32. Kh2 Rb8 33. Qe2 Rb3 34. Rxb3 cxb3 35. Qg4 Qf2 36. Rd3 Qe1 37. Re3 Qf2 38. Rxb3 g6 39.
Rf3 Qe1 40. Re3 Qf2 41. f5 Bg5 42. Rf3 Qe1 43. fxg6 fxg6 44. Nf6+ Bxf6 45. Qxg6+ Bg7 46. Qxe8+ Kh7 47. Rg3 1-0

[Event "*** SCC Grand Prix: Titled Tuesday Blitz"]
[Site "Chess.com"]
[Date "2020.08.11"]
[Round "10"]
[White "1f3_2g41-0"]
[Black "BeanScreen"]
[Result "1/2-1/2"]
[WhiteElo "2440"]
[BlackElo "2676"]
[TimeControl "180+1"]
[EndTime "11:57:34 PDT"]
[Termination "Game drawn by agreement"]

1. e4 e5 2. Nf3 Nc6 3. Bb5 a6 4. Ba4 d6 5. O-O Nf6 6. c3 Be7 7. d4 b5 8. Bb3 O-O 9. h3 Bb7 10. Re1 h6 11. Nbd2 Re8 12. Nf1 Bf8 13. Ng3 Na5 14. Bc2 c5 15. d5 Nc4 16. b3 Nb6 17.
Nf5 Nc8 18. N3h4 Ne7 19. Qf3 Ng6 20. Nxg6 fxg6 21. Nh4 g5 22. Nf5 Qd7 23. h4 gxh4 24. Nxh4 Qg4 25. Qxg4 Nxg4 26. Bd1 Nf6 27. Nf5 Bc8 28.
Ng3 g6 29. a4 Bd7 30. axb5 axb5 31. Bb2 Rxa1 32. Bxa1 Ra8 33. Bf3 Ra3 34. Rb1 Be7 35.
Kf1 Bd8 36. Ke2 Nh7 37. Kd3 Ra2 38. Bb2 Ng5 39. Be2 Bb6 40. Kc2 c4 41. bxc4 Bxf2 42. Nh1 Bc5 43. cxb5 Nxe4 44. Bd3 Bf5 45. Re1 Ba3 46. Kb3 Rxb2+ 47. Kxa3 Nc5 48. Bxf5 Rb3+ 49. Ka2 gxf5 50. Ng3 f4 51. Ne4 Rxb5 52. Nxd6 Ra5+ 53. Kb1 Nd3 54. Rd1 Rxd5 55. Ne4 Rb5+ 56. Kc2 Nb2 57. Rb1 Nc4 58. Rxb5 Na3+ 59. Kd3 Nxb5 60. Nf6+ Kf7 61.
Ng4 Ke6 62. Nxh6 Nd6 63. Ng4 Nf5 64. c4 Nh4 65. Ke4 Nxg2 66. Nxe5 Kd6 67. Nd3 Ne3 68. c5+ Kc6 69. Kxf4 Nd5+ 70. Ke5 Nc7 71. Kd4 Ne6+ 1/2-1/2

[Event "*** SCC Grand Prix: Titled Tuesday Blitz"]
[Site "Chess.com"]
[Date "2020.08.11"]
[Round "10"]
[White "laboratorio25"]
[Black "Keures"]
[Result "0-1"]
[WhiteElo "2415"]
[BlackElo "2323"]
[TimeControl "180+1"]
[EndTime "11:57:34 PDT"]
[Termination "Keures won by resignation"]

1. e4 e6 2. d4 d5 3. e5 c5 4. c3 Nc6 5. Nf3 Qb6 6. a3 c4 7. Nbd2 Na5 8. Rb1 Bd7 9. h4 Ne7 10. g3 Nc8 11. Bh3 Qc7 12. Nf1 Nb6 13. Bf4 Ba4 14.
Qe2 Be7 15. Ne3 h6 16. g4 g6 17. Bg3 Nb3 18. O-O O-O-O 19. Nh2 Rdg8 20. f4 Qd8 21. Nf3 h5 22. g5 Kb8 23. f5 gxf5 24.
Nxf5 exf5 25. e6+ Bd6 26. exf7 Rf8 27. Qh2 Bxg3 28. Qxg3+ Qc7 29. Qxc7+ Kxc7 30. g6 Be8 31.
g7 Bxf7 32. gxh8=Q Rxh8 33. Ne5 Be6 34. Bxf5 Bxf5 35.
Rxf5 Nd2 36. Re1 Rg8+ 37. Kh2 Ne4 38. Rxh5 Rg7 39. Rf5 Kd6 40. Rf6+ Nxf6 41. Rf1 Ne4 42. Kh3 Nd7 43. Nxd7 Kxd7 44. h5 Rh7 45. Kg4 Rxh5 46. Rf7+ Ke6 47. Rxb7 Rh2 48. Rxa7 Rxb2 49. Ra6+ Nd6 50.
a4 Rb3 51. Rc6 Rxc3 52. a5 Rd3 53. a6 Rxd4+ 54. Kg5 Rd2 55. a7 Ra2 56. Rc7 Nb5 57.
Rc6+ Ke5 0-1